Atomiques vs Influenza
(R1)
Created - 21 décembre 2015 at 20:09
Goals
|
| Atomiques |
0 |
2 |
0 |
2 |
| Influenza |
2 |
1 |
2 |
5 |
|
Shots
|
| Atomiques |
15 |
9 |
4 |
28 |
| Influenza |
8 |
11 |
14 |
33 |
|
1st period
1. Influenza , Martins Karsums 21 (Ryan Carter) at 4:33
2. Influenza , Jamie Benn 14 (Unassisted) at 15:18 (PP)
Penalties :
Nick Johnson (STB) for Hooking (Minor) at 13:40, Tyler Brenner (STB) for Hooking (Minor) at 15:44, Clayton Stoner (STB) for Interference (Minor) at 18:57
2nd period
3. Influenza , Zac Dalpe 15 (Ben Smith, Jamie Benn) at 2:20
4. Atomiques , Shawn Belle 2 (Alexander Sulzer, Kenndal McArdle) at 8:13 (PP)
5. Atomiques , Nick Johnson 7 (Kenndal McArdle, Kyle Wharton) at 13:42
Penalties :
Tyler Kennedy (STB) for Holding (Minor) at 4:22, Robbie Earl (VJB) for Interference (Minor) at 7:26, Robbie Earl (VJB) for Holding (Minor) at 8:36, Shawn Belle (STB) for Tripping (Minor) at 15:21
3rd period
6. Influenza , Evgeny Grachev 6 (John Klingberg, T.J Galiardi) at 4:04
7. Influenza , Evgeny Grachev 7 (T.J Galiardi, Mathieu Carle) at 13:02
Penalties :
Shawn Belle (STB) for Tripping (Minor) at 5:03, Clayton Stoner (STB) for Holding (Minor) at 10:52, Carl Gunnarsson (VJB) for Hooking (Minor) at 13:17
Goalie Stats
Sergei Bobrovsky (STB), 28 saves from 33 shots - (0,848), L, 5-6-1, 60:00 minutes
Thomas McCollum (VJB), 26 saves from 28 shots - (0,929), W, 3-7-0, 60:00 minutes
Players Stats for Atomiques
Player Name G A P +/- PIM S H SB GA TA FO MP PP MP PK MP
------------------------------------------------------------------------------------
Alex Berry 0 0 0 -2 0 1 0 0 0 0 0/0 9:15 0:00 0:00
Alexander Sulzer 0 1 1 0 0 2 0 3 0 2 0/0 30:05 2:26 8:46
Andrew Kozek 0 0 0 -2 0 0 3 0 0 0 0/0 11:33 0:20 1:55
Anthony Nigro 0 0 0 0 0 0 0 0 0 0 2/2 6:52 0:00 0:00
Brad Winchester 0 0 0 -1 0 3 3 1 1 0 4/14 24:38 2:34 7:32
Brett Connolly 0 0 0 0 0 1 0 0 0 0 0/0 6:52 0:00 0:00
Brett Sutter 0 0 0 -2 0 1 0 0 0 0 1/5 10:17 0:07 0:31
Clayton Stoner 0 0 0 -1 4 1 1 2 0 0 0/0 20:52 2:19 4:27
Davis Drewiske 0 0 0 -1 0 0 2 0 0 0 0/0 20:06 2:19 5:05
John McCarthy 0 0 0 0 0 3 0 0 0 0 1/1 9:46 0:00 2:54
Kenndal McArdle 0 2 2 0 0 1 1 2 0 0 0/0 17:31 1:58 4:29
Kyle Wharton 0 1 1 -2 0 1 1 0 0 0 0/0 9:44 0:00 0:00
Marc-André Cliche 0 0 0 0 0 0 1 0 0 0 7/13 11:25 1:58 0:00
Nick Johnson 1 0 1 0 2 1 1 0 0 0 0/1 11:24 1:58 0:00
Scott Jackson 0 0 0 -2 0 0 1 2 0 0 0/0 13:19 0:00 2:41
Shawn Belle 1 0 1 0 4 4 0 2 1 1 0/0 27:11 2:26 6:05
Tyler Brenner 0 0 0 -1 2 3 1 0 0 0 8/23 21:37 2:40 3:21
Tyler Kennedy 0 0 0 -1 2 6 1 0 2 1 0/1 23:54 2:40 6:22
Players Stats for Influenza
Player Name G A P +/- PIM S H SB GA TA FO MP PP MP PK MP
------------------------------------------------------------------------------------
Ben Smith 0 1 1 1 0 4 4 1 0 0 1/1 16:49 5:39 0:39
Carl Gunnarsson 0 0 0 2 2 0 0 2 0 1 0/0 21:24 5:02 1:06
Charlie Coyle 0 0 0 0 0 0 0 0 0 0 2/4 7:58 0:00 0:16
Colin McDonald 0 0 0 0 0 2 1 0 0 1 0/0 7:33 0:00 0:00
Corey Tropp 0 0 0 1 0 0 2 0 0 0 0/0 9:46 0:00 0:00
Evgeny Grachev 2 0 2 1 0 2 1 0 0 0 2/4 9:46 0:00 0:00
Jamie Benn 1 1 2 1 0 0 1 0 0 0 0/0 17:37 5:40 1:26
John Klingberg 0 1 1 2 0 0 0 1 0 0 0/0 21:46 5:02 2:07
Martins Karsums 1 0 1 1 0 6 2 1 0 0 1/1 22:00 7:52 0:39
Mathieu Carle 0 1 1 -1 0 1 1 1 0 0 0/0 27:25 8:30 2:38
Noah Welch 0 0 0 -1 0 1 0 2 0 1 0/0 27:30 8:30 2:38
Oskars Bartulis 0 0 0 2 0 0 0 0 0 0 0/0 10:49 0:00 0:00
Robbie Earl 0 0 0 1 4 4 2 0 1 1 3/3 22:39 7:52 0:56
Ryan Carter 0 1 1 1 0 5 4 0 2 0 19/32 24:12 7:52 2:51
Ryan Russell 0 0 0 0 0 3 2 0 0 0 1/1 9:59 0:00 2:11
T.J Galiardi 0 2 2 1 0 2 3 0 0 0 0/0 10:33 0:00 0:32
Tim Erixon 0 0 0 2 0 0 1 1 0 0 0/0 11:14 0:00 1:01
Zac Dalpe 1 0 1 1 0 3 0 0 1 0 8/14 16:11 5:40 0:00
3 Stars
1 - Evgeny Grachev (VJB)
2 - Jamie Benn (VJB)
3 - T.J Galiardi (VJB)
Power Play
Atomiques - 1 on 4 Attempt(s) - 25,00%
Influenza - 1 on 7 Attempt(s) - 14,29%
Penalty Kill
Atomiques - 6 on 7 Attempt(s) - 85,71%
- Score 0 goal in Penalty Kill
Influenza - 3 on 4 Attempt(s) - 75,00%
- Score 0 goal in Penalty Kill
Team Stat
Atomiques - Hits : 16 - Faceoff Wins : 23 - Blocked Shots : 12 - Penalty Minutes : 14
Influenza - Hits : 24 - Faceoff Wins : 37 - Blocked Shots : 9 - Penalty Minutes : 6
Official
Referees : StPierre Justin and Ciamaga Chris
Linesman : Mark Shewchyk and Bryan Pancich
Game Notes
15:18 of 1st period - Penalty Shot by Jamie Benn for Influenza - Goal!
Finance
Level 1 -- Attendance: 1539 (76,95%) -- Ticket Income 61 560 $
Level 2 -- Attendance: 694 (69,40%) -- Ticket Income 13 880 $
Total Attendance: 2233 (74,43%)
Total Ticket Income: 75 440 $
Other Income: 3 772 $
Total Income: 79 212 $
Atomiques
5 vs 5 Forward
Center Left Wing Right Wing Time % Phy DF OF
1 Tyler Brenner Brad Winchester Tyler Kennedy 40 1 2 2
2 Marc-André Cliche Kenndal McArdle Nick Johnson 30 1 2 2
3 Brett Sutter Andrew Kozek Alex Berry 20 1 2 2
4 Anthony Nigro John McCarthy Brett Connolly 10 1 2 2
5 vs 5 Defense
Defense Defense Time % Phy DF OF
1 Alexander Sulzer Shawn Belle 40 1 2 2
2 Davis Drewiske Clayton Stoner 30 1 2 2
3 Kyle Wharton Scott Jackson 20 1 2 2
4 Alexander Sulzer Shawn Belle 10 1 2 2
PowerPlay Forward
Center Left Wing Right Wing Time % Phy DF OF
1 Tyler Brenner Brad Winchester Tyler Kennedy 60 1 2 2
2 Marc-André Cliche Kenndal McArdle Nick Johnson 40 1 2 2
PowerPlay Defense
Defense Defense Time % Phy DF OF
1 Alexander Sulzer Shawn Belle 60 1 2 2
2 Davis Drewiske Clayton Stoner 40 1 2 2
Penalty Kill 4 Players Forward
Center Wing Time % Phy DF OF
1 Brad Winchester Tyler Kennedy 60 1 2 2
2 Tyler Brenner Kenndal McArdle 40 1 2 2
Penalty Kill 4 Players Defense
Defense Defense Time % Phy DF OF
1 Alexander Sulzer Shawn Belle 60 1 2 2
2 Davis Drewiske Clayton Stoner 40 1 2 2
Penalty Kill - 3 Players Forward
Forward Time % Phy DF OF
1 Brad Winchester 60 1 2 2
2 Tyler Kennedy 40 1 2 2
Penalty Kill - 3 Players Defense
Defense Defense Time % Phy DF OF
1 Alexander Sulzer Shawn Belle 60 1 2 2
2 Davis Drewiske Clayton Stoner 40 1 2 2
4 vs 4 Forward
Center Wing Time % Phy DF OF
1 Brad Winchester Tyler Kennedy 60 1 2 2
2 Tyler Brenner Kenndal McArdle 40 1 2 2
4 vs 4 Defense
Defense Defense Time % Phy DF OF
1 Alexander Sulzer Shawn Belle 60 1 2 2
2 Davis Drewiske Clayton Stoner 40 1 2 2
Last Minutes Offensive
Center Left Wing Right Wing Defense Defense
Tyler Brenner Brad Winchester Tyler Kennedy Alexander Sulzer Shawn Belle
Last Minutes Defensive
Center Left Wing Right Wing Defense Defense
Tyler Brenner Brad Winchester Tyler Kennedy Alexander Sulzer Shawn Belle
Goaltenders
Starting : Sergei Bobrovsky
Backup : Alex Auld
Extra Forwards
Normal : Andrew Kozek, Brett Sutter, John McCarthy - PP : Andrew Kozek, Brett Sutter - PK : John McCarthy
Extra Defensemen
Normal : Kyle Wharton, Scott Jackson, Davis Drewiske - PP : Kyle Wharton - PK : Scott Jackson, Davis Drewiske
Penalty Shots
Brad Winchester, Tyler Kennedy, Tyler Brenner, Kenndal McArdle, Nick Johnson
Influenza
5 vs 5 Forward
Center Left Wing Right Wing Time % Phy DF OF
1 Ryan Carter Robbie Earl Martins Karsums 40 1 2 2
2 Zac Dalpe Jamie Benn Ben Smith 30 1 2 2
3 Evgeny Grachev T.J Galiardi Corey Tropp 20 1 2 2
4 Charlie Coyle Ryan Russell Colin McDonald 10 1 2 2
5 vs 5 Defense
Defense Defense Time % Phy DF OF
1 Noah Welch Mathieu Carle 40 1 2 2
2 John Klingberg Carl Gunnarsson 30 1 2 2
3 Oskars Bartulis Tim Erixon 20 1 2 2
4 Noah Welch Mathieu Carle 10 1 2 2
PowerPlay Forward
Center Left Wing Right Wing Time % Phy DF OF
1 Ryan Carter Robbie Earl Martins Karsums 60 1 2 2
2 Zac Dalpe Jamie Benn Ben Smith 40 1 2 2
PowerPlay Defense
Defense Defense Time % Phy DF OF
1 Noah Welch Mathieu Carle 60 1 2 2
2 John Klingberg Carl Gunnarsson 40 1 2 2
Penalty Kill 4 Players Forward
Center Wing Time % Phy DF OF
1 Ryan Carter Robbie Earl 60 1 2 2
2 Martins Karsums Ben Smith 40 1 2 2
Penalty Kill 4 Players Defense
Defense Defense Time % Phy DF OF
1 Noah Welch Mathieu Carle 60 1 2 2
2 John Klingberg Carl Gunnarsson 40 1 2 2
Penalty Kill - 3 Players Forward
Forward Time % Phy DF OF
1 Ryan Carter 60 1 2 2
2 Robbie Earl 40 1 2 2
Penalty Kill - 3 Players Defense
Defense Defense Time % Phy DF OF
1 Noah Welch Mathieu Carle 60 1 2 2
2 John Klingberg Carl Gunnarsson 40 1 2 2
4 vs 4 Forward
Center Wing Time % Phy DF OF
1 Ryan Carter Robbie Earl 60 1 2 2
2 Martins Karsums Ben Smith 40 1 2 2
4 vs 4 Defense
Defense Defense Time % Phy DF OF
1 Noah Welch Mathieu Carle 60 1 2 2
2 John Klingberg Carl Gunnarsson 40 1 2 2
Last Minutes Offensive
Center Left Wing Right Wing Defense Defense
Ryan Carter Robbie Earl Martins Karsums Noah Welch Mathieu Carle
Last Minutes Defensive
Center Left Wing Right Wing Defense Defense
Ryan Carter Robbie Earl Martins Karsums Noah Welch Mathieu Carle
Goaltenders
Starting : Thomas McCollum
Backup : Olivier Roy
Extra Forwards
Normal : T.J Galiardi, Evgeny Grachev, Ryan Russell - PP : T.J Galiardi, Evgeny Grachev - PK : Ryan Russell
Extra Defensemen
Normal : Oskars Bartulis, Tim Erixon, John Klingberg - PP : Oskars Bartulis - PK : Tim Erixon, John Klingberg
Penalty Shots
Ryan Carter, Robbie Earl, Martins Karsums, Ben Smith, Jamie Benn
% Time on Ice - Atomiques
Lines # - Real PCT - Wanted PCT - Time Play
Normal Forward
1 - 36% - 40% - 14:56
2 - 26% - 30% - 10:40
3 - 22% - 20% - 9:15
4 - 16% - 10% - 6:52
Normal Defense
1 - 43% - 40% - 17:44
2 - 31% - 30% - 13:06
3 - 23% - 20% - 9:44
4 - 3% - 10% - 1:09
PP Forward
1 - 59% - 60% - 2:47
2 - 41% - 40% - 1:58
PP Defense
1 - 51% - 60% - 2:26
2 - 49% - 40% - 2:19
PK Forward
1 - 69% - 60% - 9:22
2 - 31% - 40% - 4:10
PK Defense
1 - 65% - 60% - 8:46
2 - 35% - 40% - 4:46
PK3 Forward
1 - 0% - 60%
2 - 0% - 40%
PK3 Defense
1 - 0% - 60%
2 - 0% - 40%
44 Forward
1 - 0% - 60%
2 - 0% - 40%
44 Defense
1 - 0% - 60%
2 - 0% - 40%
Last Minute Offensive - 0:00
Last Minute Defensive - 0:00
Total
Forward - 60:00
Defense - 60:00
|
% Time on Ice - Influenza
Lines # - Real PCT - Wanted PCT - Time Play
Normal Forward
1 - 33% - 40% - 13:53
2 - 25% - 30% - 10:31
3 - 23% - 20% - 9:46
4 - 18% - 10% - 7:33
Normal Defense
1 - 37% - 40% - 15:15
2 - 37% - 30% - 15:17
3 - 24% - 20% - 10:09
4 - 2% - 10% - 1:02
PP Forward
1 - 58% - 60% - 7:52
2 - 42% - 40% - 5:40
PP Defense
1 - 63% - 60% - 8:30
2 - 37% - 40% - 5:02
PK Forward
1 - 86% - 60% - 4:06
2 - 14% - 40% - 0:39
PK Defense
1 - 55% - 60% - 2:38
2 - 45% - 40% - 2:07
PK3 Forward
1 - 0% - 60%
2 - 0% - 40%
PK3 Defense
1 - 0% - 60%
2 - 0% - 40%
44 Forward
1 - 0% - 60%
2 - 0% - 40%
44 Defense
1 - 0% - 60%
2 - 0% - 40%
Last Minute Offensive - 0:00
Last Minute Defensive - 0:00
Total
Forward - 60:00
Defense - 60:00
|
Play by Play
1st period
0:01 of 1st period - Ryan Carter wins face-off versus Tyler Brenner in neutral zone.
0:04 of 1st period - Brad Winchester is hit by Martins Karsums and loses puck.
0:11 of 1st period - Wrist shot by Ryan Carter.
0:11 of 1st period - Shot Blocked by Alexander Sulzer.
0:13 of 1st period - Slapshot by Noah Welch.
0:13 of 1st period - Shot Misses the Net.
0:25 of 1st period - Noah Welch is hit by Nick Johnson and loses puck.
1:15 of 1st period - Wrist shot by John McCarthy.
1:15 of 1st period - Stopped by Thomas McCollum with a rebound.
1:35 of 1st period - Snap shot by Brad Winchester.
1:35 of 1st period - Stopped by Thomas McCollum with a rebound.
1:37 of 1st period - Wrist shot by Tyler Kennedy.
1:37 of 1st period - Stopped by Thomas McCollum with a rebound.
1:39 of 1st period - Slapshot by Kyle Wharton.
1:39 of 1st period - Stopped by Thomas McCollum without a rebound.
1:40 of 1st period - Marc-André Cliche wins face-off versus Zac Dalpe in Influenza zone.
1:47 of 1st period - Wrist shot by Ben Smith.
1:47 of 1st period - Stopped by Sergei Bobrovsky without a rebound.
1:48 of 1st period - Zac Dalpe wins face-off versus Marc-André Cliche in Atomiques zone.
1:49 of 1st period - Slapshot by Ben Smith.
1:49 of 1st period - Shot Hit the Post.
2:38 of 1st period - Off-side.
2:39 of 1st period - Anthony Nigro wins face-off versus Evgeny Grachev in neutral zone.
3:06 of 1st period - Wrist shot by Brett Sutter.
3:06 of 1st period - Deflect By Alex Berry.
3:06 of 1st period - Shot Misses the Net.
3:06 of 1st period - Puck is out of play.
3:07 of 1st period - Zac Dalpe wins face-off versus Brett Sutter in Influenza zone.
4:15 of 1st period - Snap shot by John McCarthy.
4:15 of 1st period - Deflect By Brett Connolly.
4:15 of 1st period - Stopped by Thomas McCollum without a rebound.
4:16 of 1st period - Anthony Nigro wins face-off versus Charlie Coyle in Influenza zone.
4:25 of 1st period - Wrist shot by Colin McDonald.
4:25 of 1st period - Stopped by Sergei Bobrovsky without a rebound.
4:26 of 1st period - Ryan Carter wins face-off versus Tyler Brenner in Atomiques zone.
4:33 of 1st period - Slapshot by Martins Karsums.
4:33 of 1st period - Deflect By Clayton Stoner.
4:33 of 1st period - Goal by Martins Karsums - Atomiques : 0 - Influenza : 1.
4:34 of 1st period - Brad Winchester wins face-off versus Ryan Carter in neutral zone.
4:47 of 1st period - Alexander Sulzer is hit by Martins Karsums and loses puck.
5:23 of 1st period - Wrist shot by Andrew Kozek.
5:23 of 1st period - Shot Misses the Net.
5:39 of 1st period - Snap shot by John McCarthy.
5:39 of 1st period - Stopped by Thomas McCollum with a rebound.
5:49 of 1st period - Snap shot by John McCarthy.
5:49 of 1st period - Shot Misses the Net.
5:59 of 1st period - Charlie Coyle is hit by Brad Winchester and loses puck.
7:07 of 1st period - Noah Welch is hit by Davis Drewiske and loses puck.
7:20 of 1st period - Backhand shot by Evgeny Grachev.
7:20 of 1st period - Shot Misses the Net.
7:23 of 1st period - Icing by Davis Drewiske.
7:24 of 1st period - Ryan Carter wins face-off versus Tyler Brenner in Atomiques zone.
7:42 of 1st period - Slapshot by Brad Winchester.
7:42 of 1st period - Deflect By Tyler Kennedy.
7:42 of 1st period - Stopped by Thomas McCollum with a rebound.
7:44 of 1st period - Slapshot by Clayton Stoner.
7:44 of 1st period - Stopped by Thomas McCollum with a rebound.
7:48 of 1st period - Wrist shot by Tyler Kennedy.
7:48 of 1st period - Stopped by Thomas McCollum with a rebound.
8:06 of 1st period - Wrist shot by Brad Winchester.
8:06 of 1st period - Shot Misses the Net.
8:08 of 1st period - Wrist shot by Tyler Kennedy.
8:08 of 1st period - Stopped by Thomas McCollum with a rebound.
8:12 of 1st period - Wrist shot by Brad Winchester.
8:12 of 1st period - Shot Misses the Net.
8:14 of 1st period - Slapshot by Tyler Brenner.
8:14 of 1st period - Stopped by Thomas McCollum with a rebound.
8:16 of 1st period - Backhand shot by Clayton Stoner.
8:16 of 1st period - Shot Misses the Net.
8:42 of 1st period - Snap shot by Brad Winchester.
8:42 of 1st period - Stopped by Thomas McCollum without a rebound.
8:43 of 1st period - Marc-André Cliche wins face-off versus Zac Dalpe in Influenza zone.
9:12 of 1st period - Wrist shot by Alex Berry.
9:12 of 1st period - Stopped by Thomas McCollum with a rebound.
9:56 of 1st period - Jamie Benn is hit by Scott Jackson and loses puck.
10:13 of 1st period - Snap shot by Brett Sutter.
10:13 of 1st period - Shot Blocked by Carl Gunnarsson.
10:15 of 1st period - Wrist shot by Alexander Sulzer.
10:15 of 1st period - Stopped by Thomas McCollum with a rebound.
10:49 of 1st period - Snap shot by Alex Berry.
10:49 of 1st period - Shot Blocked by Tim Erixon.
11:02 of 1st period - Icing by Tim Erixon.
11:03 of 1st period - Marc-André Cliche wins face-off versus Zac Dalpe in Influenza zone.
11:04 of 1st period - Slapshot by Kenndal McArdle.
11:04 of 1st period - Shot Blocked by Ben Smith.
11:14 of 1st period - Snap shot by Zac Dalpe.
11:14 of 1st period - Shot Blocked by Clayton Stoner.
11:16 of 1st period - Wrist shot by Zac Dalpe.
11:16 of 1st period - Shot Blocked by Kenndal McArdle.
11:34 of 1st period - Snap shot by Tyler Brenner.
11:34 of 1st period - Stopped by Thomas McCollum without a rebound.
11:35 of 1st period - Evgeny Grachev wins face-off versus Tyler Brenner in Influenza zone.
12:22 of 1st period - Off-side.
12:23 of 1st period - Charlie Coyle wins face-off versus Brett Sutter in neutral zone.
12:26 of 1st period - Kyle Wharton is hit by Colin McDonald and loses puck.
12:49 of 1st period - Scott Jackson is hit by Ryan Carter and loses puck.
12:56 of 1st period - Wrist shot by Martins Karsums.
12:56 of 1st period - Deflect By Tyler Kennedy.
12:56 of 1st period - Shot Misses the Net.
12:56 of 1st period - Puck is out of play.
12:57 of 1st period - Zac Dalpe wins face-off versus Tyler Kennedy in Atomiques zone.
12:58 of 1st period - Snap shot by Ben Smith.
12:58 of 1st period - Stopped by Sergei Bobrovsky without a rebound.
12:59 of 1st period - Zac Dalpe wins face-off versus Tyler Brenner in Atomiques zone.
13:26 of 1st period - Snap shot by Ryan Carter.
13:26 of 1st period - Stopped by Sergei Bobrovsky with a rebound.
13:40 of 1st period - Minor Penalty to Nick Johnson for Hooking.
13:41 of 1st period - Ryan Carter wins face-off versus Brad Winchester in Atomiques zone.
13:42 of 1st period - Wrist shot by Martins Karsums.
13:42 of 1st period - Stopped by Sergei Bobrovsky without a rebound.
13:43 of 1st period - Brad Winchester wins face-off versus Ryan Carter in Atomiques zone.
13:54 of 1st period - Wrist shot by Ryan Carter.
13:54 of 1st period - Shot Misses the Net.
15:18 of 1st period - Penalty Shot by Jamie Benn for Influenza.
15:18 of 1st period - Deke by Jamie Benn.
15:18 of 1st period - Goal by Jamie Benn - Atomiques : 0 - Influenza : 2.
15:19 of 1st period - Ryan Carter wins face-off versus Marc-André Cliche in neutral zone.
15:20 of 1st period - Tyler Brenner wins face-off versus Ryan Carter in Influenza zone.
15:44 of 1st period - Minor Penalty to Tyler Brenner for Hooking.
15:45 of 1st period - Martins Karsums wins face-off versus Brad Winchester in Atomiques zone.
16:22 of 1st period - Wrist shot by Ben Smith.
16:22 of 1st period - Stopped by Sergei Bobrovsky with a rebound.
16:38 of 1st period - Wrist shot by Zac Dalpe.
16:38 of 1st period - Deflect By Ryan Carter.
16:38 of 1st period - Shot Misses the Net.
16:38 of 1st period - Puck is out of play.
16:39 of 1st period - John McCarthy wins face-off versus Ryan Carter in Atomiques zone.
16:39 of 1st period - John McCarthy is hit by Ryan Carter.
17:44 of 1st period - Penalty to Tyler Brenner is over, Tyler Brenner is back on ice.
17:52 of 1st period - Noah Welch is hit by Andrew Kozek and loses puck.
17:59 of 1st period - Wrist shot by Alex Berry.
17:59 of 1st period - Shot Blocked by Noah Welch.
18:57 of 1st period - Minor Penalty to Clayton Stoner for Interference.
18:58 of 1st period - Robbie Earl wins face-off versus Brad Winchester in Atomiques zone.
19:05 of 1st period - Snap shot by Robbie Earl.
19:05 of 1st period - Shot Blocked by Shawn Belle.
19:07 of 1st period - Slapshot by Mathieu Carle.
19:07 of 1st period - Deflect By Robbie Earl.
19:07 of 1st period - Stopped by Sergei Bobrovsky with a rebound.
19:23 of 1st period - Alexander Sulzer is hit by Ben Smith and loses puck.
Goals for this period are 0 for Atomiques vs 2 for Influenza.
Shots for this period are 15 for Atomiques vs 8 for Influenza.
2nd period
0:01 of 2nd period - Brad Winchester wins face-off versus Ryan Carter in neutral zone.
0:14 of 2nd period - Snap shot by Ryan Carter.
0:14 of 2nd period - Stopped by Sergei Bobrovsky without a rebound.
0:15 of 2nd period - Ryan Carter wins face-off versus Brad Winchester in Atomiques zone.
0:22 of 2nd period - Wrist shot by Martins Karsums.
0:22 of 2nd period - Stopped by Sergei Bobrovsky without a rebound.
0:23 of 2nd period - Robbie Earl wins face-off versus Brad Winchester in Atomiques zone.
0:57 of 2nd period - Penalty to Clayton Stoner is over, Clayton Stoner is back on ice.
1:10 of 2nd period - Slapshot by Martins Karsums.
1:10 of 2nd period - Shot Blocked by Alexander Sulzer.
1:28 of 2nd period - Snap shot by Tyler Brenner.
1:28 of 2nd period - Shot Misses the Net.
1:34 of 2nd period - Snap shot by Tyler Brenner.
1:34 of 2nd period - Shot Misses the Net.
1:52 of 2nd period - Snap shot by Kenndal McArdle.
1:52 of 2nd period - Shot Misses the Net.
1:54 of 2nd period - Snap shot by Tyler Brenner.
1:54 of 2nd period - Shot Blocked by Noah Welch.
1:56 of 2nd period - Wrist shot by Alexander Sulzer.
1:56 of 2nd period - Shot Blocked by Martins Karsums.
1:58 of 2nd period - Slapshot by Shawn Belle.
1:58 of 2nd period - Stopped by Thomas McCollum without a rebound.
1:59 of 2nd period - Brett Sutter wins face-off versus Zac Dalpe in Influenza zone.
2:02 of 2nd period - Wrist shot by Alex Berry.
2:02 of 2nd period - Shot Misses the Net.
2:12 of 2nd period - Snap shot by Zac Dalpe.
2:12 of 2nd period - Stopped by Sergei Bobrovsky without a rebound.
2:13 of 2nd period - Zac Dalpe wins face-off versus Brett Sutter in Atomiques zone.
2:20 of 2nd period - Wrist shot by Zac Dalpe.
2:20 of 2nd period - Goal by Zac Dalpe - Atomiques : 0 - Influenza : 3.
2:21 of 2nd period - Zac Dalpe wins face-off versus Tyler Brenner in neutral zone.
2:49 of 2nd period - Snap shot by Kenndal McArdle.
2:49 of 2nd period - Stopped by Thomas McCollum with a rebound.
3:36 of 2nd period - Snap shot by Ryan Carter.
3:36 of 2nd period - Stopped by Sergei Bobrovsky with a rebound.
4:00 of 2nd period - Icing by Alexander Sulzer.
4:01 of 2nd period - Ryan Carter wins face-off versus Tyler Brenner in Atomiques zone.
4:22 of 2nd period - Minor Penalty to Tyler Kennedy for Holding.
4:23 of 2nd period - Ryan Carter wins face-off versus Brad Winchester in Atomiques zone.
4:24 of 2nd period - Snap shot by Martins Karsums.
4:24 of 2nd period - Stopped by Sergei Bobrovsky with a rebound.
4:26 of 2nd period - Snap shot by Noah Welch.
4:26 of 2nd period - Stopped by Sergei Bobrovsky without a rebound.
4:27 of 2nd period - Ryan Carter wins face-off versus Brad Winchester in Atomiques zone.
4:38 of 2nd period - Slapshot by John McCarthy.
4:38 of 2nd period - Shot Misses the Net.
6:22 of 2nd period - Penalty to Tyler Kennedy is over, Tyler Kennedy is back on ice.
6:55 of 2nd period - Shawn Belle is hit by Corey Tropp and loses puck.
7:10 of 2nd period - Brad Winchester is hit by Ryan Russell and loses puck.
7:26 of 2nd period - Minor Penalty to Robbie Earl for Interference.
7:27 of 2nd period - Tyler Brenner wins face-off versus Ryan Carter in Influenza zone.
7:53 of 2nd period - Icing by Davis Drewiske.
7:54 of 2nd period - Tyler Brenner wins face-off versus Ryan Carter in Atomiques zone.
8:07 of 2nd period - Wrist shot by Tyler Kennedy.
8:07 of 2nd period - Deflect By Brad Winchester.
8:07 of 2nd period - Shot Blocked by Carl Gunnarsson.
8:07 of 2nd period - Puck is out of play.
8:08 of 2nd period - Marc-André Cliche wins face-off versus Ryan Carter in Influenza zone.
8:11 of 2nd period - Snap shot by Alexander Sulzer.
8:11 of 2nd period - Shot Blocked by Mathieu Carle.
8:13 of 2nd period - Slapshot by Shawn Belle.
8:13 of 2nd period - Deflect By Mathieu Carle.
8:13 of 2nd period - Goal by Shawn Belle - Atomiques : 1 - Influenza : 3.
8:14 of 2nd period - Tyler Brenner wins face-off versus Ryan Carter in neutral zone.
8:24 of 2nd period - Wrist shot by Tyler Kennedy.
8:24 of 2nd period - Shot Misses the Net.
8:26 of 2nd period - Wrist shot by Tyler Kennedy.
8:26 of 2nd period - Shot Misses the Net.
8:28 of 2nd period - Snap shot by Tyler Brenner.
8:28 of 2nd period - Stopped by Thomas McCollum with a rebound.
8:30 of 2nd period - Slapshot by Shawn Belle.
8:30 of 2nd period - Stopped by Thomas McCollum with a rebound.
8:36 of 2nd period - Minor Penalty to Robbie Earl for Holding.
8:37 of 2nd period - Ryan Carter wins face-off versus Tyler Brenner in Influenza zone.
8:44 of 2nd period - Snap shot by Ryan Carter.
8:44 of 2nd period - Shot Misses the Net.
9:15 of 2nd period - Icing by Alexander Sulzer.
9:16 of 2nd period - Ryan Carter wins face-off versus Marc-André Cliche in Atomiques zone.
9:17 of 2nd period - Snap shot by Ryan Russell.
9:17 of 2nd period - Stopped by Sergei Bobrovsky with a rebound.
9:19 of 2nd period - Slapshot by Carl Gunnarsson.
9:19 of 2nd period - Shot Blocked by Kenndal McArdle.
9:51 of 2nd period - Clayton Stoner is hit by Jamie Benn and loses puck.
10:11 of 2nd period - Off-side.
10:12 of 2nd period - Ryan Russell wins face-off versus Marc-André Cliche in neutral zone.
10:25 of 2nd period - Mathieu Carle is hit by Clayton Stoner and loses puck.
10:36 of 2nd period - Penalty to Robbie Earl is over, Robbie Earl is back on ice.
10:44 of 2nd period - Wrist shot by Tyler Kennedy.
10:44 of 2nd period - Stopped by Thomas McCollum with a rebound.
10:56 of 2nd period - Slapshot by Mathieu Carle.
10:56 of 2nd period - Shot Blocked by Alexander Sulzer.
10:58 of 2nd period - Wrist shot by Jamie Benn.
10:58 of 2nd period - Shot Misses the Net.
11:00 of 2nd period - Slapshot by Mathieu Carle.
11:00 of 2nd period - Deflect By Ben Smith.
11:00 of 2nd period - Shot Misses the Net.
11:00 of 2nd period - Puck is out of play.
11:01 of 2nd period - Zac Dalpe wins face-off versus Marc-André Cliche in Atomiques zone.
11:37 of 2nd period - Icing by Carl Gunnarsson.
11:38 of 2nd period - Ben Smith wins face-off versus Tyler Brenner in Influenza zone.
11:38 of 2nd period - Ben Smith is hit by Brad Winchester.
11:52 of 2nd period - Slapshot by John Klingberg.
11:52 of 2nd period - Deflect By Jamie Benn.
11:52 of 2nd period - Shot Blocked by Shawn Belle.
11:52 of 2nd period - Puck is out of play.
11:53 of 2nd period - Marc-André Cliche wins face-off versus Ryan Carter in Atomiques zone.
12:18 of 2nd period - T.J Galiardi is hit by Tyler Brenner and loses puck.
12:45 of 2nd period - Snap shot by Ryan Russell.
12:45 of 2nd period - Shot Misses the Net.
13:01 of 2nd period - Wrist shot by Zac Dalpe.
13:01 of 2nd period - Shot Misses the Net.
13:20 of 2nd period - Slapshot by Tyler Kennedy.
13:20 of 2nd period - Shot Misses the Net.
13:36 of 2nd period - Slapshot by Marc-André Cliche.
13:36 of 2nd period - Shot Misses the Net.
13:40 of 2nd period - Slapshot by Kenndal McArdle.
13:40 of 2nd period - Shot Misses the Net.
13:42 of 2nd period - Wrist shot by Nick Johnson.
13:42 of 2nd period - Goal by Nick Johnson - Atomiques : 2 - Influenza : 3.
13:43 of 2nd period - Ryan Carter wins face-off versus Tyler Brenner in neutral zone.
14:08 of 2nd period - Nick Johnson is hit by Ben Smith and loses puck.
14:17 of 2nd period - Backhand shot by Ben Smith.
14:17 of 2nd period - Shot Misses the Net.
14:19 of 2nd period - Wrist shot by Mathieu Carle.
14:19 of 2nd period - Stopped by Sergei Bobrovsky with a rebound.
14:52 of 2nd period - Wrist shot by John McCarthy.
14:52 of 2nd period - Stopped by Thomas McCollum with a rebound.
15:21 of 2nd period - Minor Penalty to Shawn Belle for Tripping.
15:22 of 2nd period - Ryan Carter wins face-off versus Brad Winchester in Atomiques zone.
15:54 of 2nd period - Slapshot by Zac Dalpe.
15:54 of 2nd period - Stopped by Sergei Bobrovsky with a rebound.
15:56 of 2nd period - Snap shot by Jamie Benn.
15:56 of 2nd period - Shot Misses the Net.
15:58 of 2nd period - Backhand shot by Jamie Benn.
15:58 of 2nd period - Shot Misses the Net.
16:49 of 2nd period - Icing by Ben Smith.
16:50 of 2nd period - Zac Dalpe wins face-off versus Tyler Brenner in Influenza zone.
17:21 of 2nd period - Penalty to Shawn Belle is over, Shawn Belle is back on ice.
17:38 of 2nd period - Snap shot by Alex Berry.
17:38 of 2nd period - Shot Blocked by John Klingberg.
17:40 of 2nd period - Backhand shot by Alexander Sulzer.
17:40 of 2nd period - Shot Misses the Net.
17:42 of 2nd period - Snap shot by Alexander Sulzer.
17:42 of 2nd period - Stopped by Thomas McCollum with a rebound.
17:44 of 2nd period - Snap shot by Alex Berry.
17:44 of 2nd period - Shot Misses the Net.
17:53 of 2nd period - Off-side.
17:54 of 2nd period - Marc-André Cliche wins face-off versus Charlie Coyle in neutral zone.
18:50 of 2nd period - Off-side.
18:51 of 2nd period - Evgeny Grachev wins face-off versus Nick Johnson in neutral zone.
18:54 of 2nd period - Wrist shot by T.J Galiardi.
18:54 of 2nd period - Stopped by Sergei Bobrovsky with a rebound.
Goals for this period are 2 for Atomiques vs 1 for Influenza.
Shots for this period are 9 for Atomiques vs 11 for Influenza.
3rd period
0:01 of 3rd period - Tyler Brenner wins face-off versus Ryan Carter in neutral zone.
0:01 of 3rd period - Tyler Brenner is hit by Ryan Carter.
0:27 of 3rd period - Noah Welch is hit by Marc-André Cliche and loses puck.
0:46 of 3rd period - John Klingberg is hit by Davis Drewiske and loses puck.
0:53 of 3rd period - Clayton Stoner is hit by T.J Galiardi and loses puck.
1:25 of 3rd period - Davis Drewiske is hit by Mathieu Carle and loses puck.
2:15 of 3rd period - Alex Berry is hit by T.J Galiardi and loses puck.
2:30 of 3rd period - Slapshot by Shawn Belle.
2:30 of 3rd period - Stopped by Thomas McCollum with a rebound.
2:48 of 3rd period - Anthony Nigro is hit by Ben Smith and loses puck.
3:22 of 3rd period - Slapshot by Tyler Kennedy.
3:22 of 3rd period - Stopped by Thomas McCollum with a rebound.
4:04 of 3rd period - Snap shot by Evgeny Grachev.
4:04 of 3rd period - Goal by Evgeny Grachev - Atomiques : 2 - Influenza : 4.
4:05 of 3rd period - Ryan Carter wins face-off versus Tyler Brenner in neutral zone.
4:08 of 3rd period - Snap shot by Ryan Carter.
4:08 of 3rd period - Stopped by Sergei Bobrovsky with a rebound.
4:10 of 3rd period - Wrist shot by Ryan Carter.
4:10 of 3rd period - Shot Blocked by Brad Winchester.
4:12 of 3rd period - Slapshot by Ryan Carter.
4:12 of 3rd period - Shot Misses the Net.
4:14 of 3rd period - Slapshot by Ryan Carter.
4:14 of 3rd period - Stopped by Sergei Bobrovsky without a rebound.
4:15 of 3rd period - Ryan Carter wins face-off versus Tyler Brenner in Atomiques zone.
4:24 of 3rd period - Snap shot by Robbie Earl.
4:24 of 3rd period - Stopped by Sergei Bobrovsky without a rebound.
4:25 of 3rd period - Ryan Carter wins face-off versus Tyler Brenner in Atomiques zone.
4:30 of 3rd period - Slapshot by Robbie Earl.
4:30 of 3rd period - Stopped by Sergei Bobrovsky without a rebound.
4:31 of 3rd period - Tyler Brenner wins face-off versus Ryan Carter in Atomiques zone.
4:31 of 3rd period - Tyler Brenner is hit by Robbie Earl.
4:53 of 3rd period - Mathieu Carle is hit by Tyler Kennedy and loses puck.
5:03 of 3rd period - Minor Penalty to Shawn Belle for Tripping.
5:04 of 3rd period - Brad Winchester wins face-off versus Zac Dalpe in Atomiques zone.
5:28 of 3rd period - Tyler Brenner is hit by Ryan Carter and loses puck.
5:43 of 3rd period - Carl Gunnarsson is hit by Brad Winchester.
6:20 of 3rd period - John McCarthy is hit by Robbie Earl and loses puck.
6:51 of 3rd period - Wrist shot by Brett Sutter.
6:51 of 3rd period - Shot Misses the Net.
7:03 of 3rd period - Penalty to Shawn Belle is over, Shawn Belle is back on ice.
7:24 of 3rd period - Snap shot by T.J Galiardi.
7:24 of 3rd period - Shot Blocked by Scott Jackson.
7:26 of 3rd period - Wrist shot by Corey Tropp.
7:26 of 3rd period - Deflect By Evgeny Grachev.
7:26 of 3rd period - Shot Misses the Net.
7:26 of 3rd period - Puck is out of play.
7:27 of 3rd period - Charlie Coyle wins face-off versus Brett Sutter in Atomiques zone.
7:27 of 3rd period - John Klingberg is hit by Andrew Kozek and loses puck.
7:38 of 3rd period - Snap shot by Ryan Russell.
7:38 of 3rd period - Stopped by Sergei Bobrovsky with a rebound.
7:42 of 3rd period - Snap shot by Ryan Russell.
7:42 of 3rd period - Stopped by Sergei Bobrovsky with a rebound.
7:56 of 3rd period - Icing by Evgeny Grachev.
7:57 of 3rd period - Tyler Brenner wins face-off versus Evgeny Grachev in Influenza zone.
8:04 of 3rd period - Snap shot by Brad Winchester.
8:04 of 3rd period - Stopped by Thomas McCollum without a rebound.
8:05 of 3rd period - Tyler Brenner wins face-off versus Ryan Carter in Influenza zone.
8:18 of 3rd period - Wrist shot by Ryan Carter.
8:18 of 3rd period - Shot Blocked by Clayton Stoner.
8:42 of 3rd period - Snap shot by T.J Galiardi.
8:42 of 3rd period - Stopped by Sergei Bobrovsky without a rebound.
8:43 of 3rd period - Ryan Carter wins face-off versus Marc-André Cliche in Atomiques zone.
8:53 of 3rd period - Snap shot by Martins Karsums.
8:53 of 3rd period - Stopped by Sergei Bobrovsky with a rebound.
10:16 of 3rd period - Scott Jackson is hit by Tim Erixon and loses puck.
10:21 of 3rd period - Snap shot by Martins Karsums.
10:21 of 3rd period - Shot Blocked by Scott Jackson.
10:52 of 3rd period - Minor Penalty to Clayton Stoner for Holding.
10:53 of 3rd period - Ryan Carter wins face-off versus Brad Winchester in Atomiques zone.
10:54 of 3rd period - Snap shot by Martins Karsums.
10:54 of 3rd period - Stopped by Sergei Bobrovsky without a rebound.
10:55 of 3rd period - Ryan Carter wins face-off versus Brad Winchester in Atomiques zone.
12:41 of 3rd period - Robbie Earl is hit by Andrew Kozek and loses puck.
12:52 of 3rd period - Penalty to Clayton Stoner is over, Clayton Stoner is back on ice.
13:00 of 3rd period - Snap shot by T.J Galiardi.
13:00 of 3rd period - Shot Misses the Net.
13:02 of 3rd period - Snap shot by Evgeny Grachev.
13:02 of 3rd period - Goal by Evgeny Grachev - Atomiques : 2 - Influenza : 5.
13:03 of 3rd period - Marc-André Cliche wins face-off versus Zac Dalpe in neutral zone.
13:17 of 3rd period - Minor Penalty to Carl Gunnarsson for Hooking.
13:18 of 3rd period - Robbie Earl wins face-off versus Tyler Brenner in Influenza zone.
13:50 of 3rd period - Snap shot by Ben Smith.
13:50 of 3rd period - Stopped by Sergei Bobrovsky with a rebound.
15:17 of 3rd period - Penalty to Carl Gunnarsson is over, Carl Gunnarsson is back on ice.
15:33 of 3rd period - John McCarthy is hit by Corey Tropp and loses puck.
15:40 of 3rd period - Wrist shot by Corey Tropp.
15:40 of 3rd period - Shot Misses the Net.
15:42 of 3rd period - Wrist shot by Corey Tropp.
15:42 of 3rd period - Shot Misses the Net.
15:54 of 3rd period - Snap shot by Brett Sutter.
15:54 of 3rd period - Stopped by Thomas McCollum with a rebound.
16:30 of 3rd period - Brett Sutter is hit by Evgeny Grachev and loses puck.
16:55 of 3rd period - Charlie Coyle is hit by Kenndal McArdle and loses puck.
18:04 of 3rd period - Noah Welch is hit by Kyle Wharton and loses puck.
18:21 of 3rd period - Scott Jackson is hit by T.J Galiardi and loses puck.
18:38 of 3rd period - Tyler Kennedy is hit by Ryan Russell and loses puck.
18:45 of 3rd period - Wrist shot by Colin McDonald.
18:45 of 3rd period - Stopped by Sergei Bobrovsky with a rebound.
19:01 of 3rd period - Wrist shot by Robbie Earl.
19:01 of 3rd period - Stopped by Sergei Bobrovsky with a rebound.
19:17 of 3rd period - Snap shot by Tyler Kennedy.
19:17 of 3rd period - Shot Misses the Net.
19:25 of 3rd period - Brad Winchester is hit by Ben Smith and loses puck.
19:47 of 3rd period - Snap shot by Andrew Kozek.
19:47 of 3rd period - Shot Misses the Net.
Goals for this period are 0 for Atomiques vs 2 for Influenza.
Shots for this period are 4 for Atomiques vs 14 for Influenza.
Output by the SimonT Hockey Simulator (STHS) for François Prévost -- Original Page W3C XHTML 1.0 Valid